 Dungeon Crawl Stone Soup version 0.31-a0-931-g7b59d4eb97 (webtiles) character file.

Game seed: 11066319902702902980

800 p00ps00p the Trooper (level 7, -12/63 HPs)
             Began as a Hill Orc Fighter on Oct 19, 2023.
             Mangled by Sigmund
             ... wielding a +2 heavy scythe
              (18 damage)
             ... on level 5 of the Dungeon.
             The game lasted 00:05:58 (4133 turns).

p00ps00p the Trooper (Hill Orc Fighter)             Turns: 4133, Time: 00:05:58

Health: -12/63     AC:  8    Str: 21    XL:     7   Next: 90%
Magic:  7/7        EV: 10    Int: 14    God:
Gold:   139        SH:  5    Dex: 10    Spells: 6/6 levels left

rFire   . . .        j - +0 hand axe
rCold   . . .        c - +0 buckler
rNeg    + + .        l - +1 ring mail of the Other World {-Tele Fly rPois rN++}
rPois   +            (no helmet)
rElec   .            (no cloak)
rCorr   .            m - +0 pair of gloves
SInv    .            (no boots)
Will    .....        (no amulet) Stlth
                     g - ring of wizardry
HPRegen 0.30/turn    p - +6 ring of intelligence
MPRegen 0.10/turn

%: no teleportation, wizardry (x1)
@: attractive, flying
A: no striking features
a: no special abilities


You were on level 5 of the Dungeon.
You visited 1 branch of the dungeon, and saw 5 of its levels.

You collected 139 gold pieces.

Inventory:

Hand Weapons
 a - a +0 war axe
 j - a +0 hand axe (weapon)
 r - the +2 short sword of the Hated {protect, rC+}
   (You found it on level 4 of the Dungeon)

   rC+:       It protects you from cold.
Armour
 b - a +0 scale mail
 c - a +0 buckler (worn)
 h - a +1 leather armour of poison resistance
 l - the +1 ring mail of the Other World (worn) {-Tele Fly rPois rN++}
   (You found it on level 4 of the Dungeon)

   rPois:     It protects you from poison rN++: It greatly protects you from
   negative energy.
   Fly:       It grants you flight.
   -Tele:     It prevents most forms of teleportation.
 m - a +0 pair of gloves (worn)
 s - a +0 chain mail
Jewellery
 g - a ring of wizardry (left hand)
 p - a +6 ring of intelligence (right hand)
Wands
 o - a wand of paralysis (5)
Scrolls
 f - 4 scrolls of revelation
 n - a scroll of teleportation
Potions
 e - 2 potions of degeneration
 i - a potion of enlightenment
 k - a potion of curing


   Skills:
 + Level 6.2 Fighting
 + Level 6.2 Axes
 + Level 5.6 Armour
 + Level 5.7 Shields


You had 6 spell levels left.
You didn't know any spells.
Your spell library contained the following spells:

 Spells                   Type           Power      Damage    Failure   Level
 Blink                    Tloc           0%         N/A       32%         2
 Lesser Beckoning         Tloc           0%         N/A       32%         2
 Momentum Strike          Conj/Tloc      0%         3d8       32%         2


Dungeon Overview and Level Annotations

Branches:
Dungeon (5/15)
 Temple: D:4-7

Altars:
Xom
Yredelemnul

Annotations:
D:5 Sigmund


Message History

The orc hits you but does no damage. Something hits you!!
You slash the orc!
You kill the orc!
Sigmund appears from thin air!
Reactivating autopickup.
You hit the orc.
The orc is almost dead.
The orc barely misses you. Sigmund misses you.
You closely miss the orc.
The orc is almost dead.
The orc hits you with a +0 morningstar.
* * * LOW HITPOINT WARNING * * *
You feel better. The orc misses you.
Okay, then.
Okay, then.
Unknown command.
It was a potion of attraction.
You feel attractive to monsters.
Sigmund gestures wildly while chanting.
Sigmund flickers and vanishes!
Deactivating autopickup; reactivate with Ctrl-A.
You block the orc's attack.
You slash the orc!
You kill the orc!
Something hits you!
* * * LOW HITPOINT WARNING * * *
Something is attracted toward you.
You hit something. You barely miss something. Something hits you!
* * * LOW HITPOINT WARNING * * *
You miss something. You hit something.
You hear some strange, mumbled words.
A puff of flame appears from out of thin air!
The puff of flame misses you.
Aiming: Paralyse
Press: ? - help, Q - select action Shift-Dir - straight line Nothing appears to happen.
Something hits you!!
You die...

#.. #...# ...
#... '#.. #...
#... #..
##...##..
......#.#######
.....o{).......
#@# #.# #.#
##.# ###..#
#...## ###.###
#...#
#####.########
#


You could see an orc.

Vanquished Creatures
  3 ogres
  3 scorpions
  3 hounds
  A jelly (D:5)
  Natasha (twice) (D:2)
  An iguana (D:5)
  2 orc wizards (D:5)
  4 adders
  3 worms
  5 dart slugs
  11 orcs
  7 ball pythons
  4 endoplasms
  4 giant cockroaches (D:1)
  7 goblins
  3 hobgoblins
  4 jackals (D:1)
  4 quokkas (D:1)
  3 bats
  5 frilled lizards
  9 kobolds
  7 rats
95 creatures vanquished.

Notes
Turn   | Place    | Note
-------+----------+-------------------------------------------
     0 | D:1      | p00ps00p the Hill Orc Fighter began the quest for the Orb.
     0 | D:1      | Reached XP level 1. HP: 19/19 MP: 1/1
   143 | D:1      | Reached XP level 2. HP: 27/27 MP: 2/2
   416 | D:1      | Reached XP level 3. HP: 33/33 MP: 3/3
   917 | D:2      | Reached XP level 4. HP: 40/40 MP: 4/4
  1049 | D:2      | Found a faded altar of an unknown god.
  1464 | D:2      | Noticed Natasha
  1469 | D:2      | Killed Natasha
  1571 | D:2      | Noticed Natasha
  1584 | D:2      | Killed Natasha
  1585 | D:2      | Reached XP level 5. HP: 18/47 MP: 5/5
  2759 | D:4      | Reached XP level 6. HP: 52/55 MP: 6/6
  2761 | D:4      | Reached skill level 5 in Fighting
  2792 | D:4      | Identified the +1 ring mail of the Other World {-Tele Fly
                  | rPois rN++}
  3041 | D:4      | Found a basalt altar of Yredelemnul.
  3279 | D:4      | Identified the +2 short sword of the Hated {protect, rC+}
  3285 | D:4      | Reached skill level 5 in Axes
  3631 | D:5      | Entered Level 5 of the Dungeon
  3703 | D:5      | Found a shimmering altar of Xom.
  3722 | D:5      | Reached skill level 5 in Shields
  3725 | D:5      | Reached skill level 5 in Armour
  3725 | D:5      | Reached XP level 7. HP: 12/62 MP: 7/7
  4084 | D:5      | Noticed Sigmund
  4133 | D:5      | Mangled by Sigmund

Illustrated notes

Levels and vault maps discovered:
D:1:      arrival_zaba_pyramid, layout_basic
D:2:      layout_loops_ring, basic_ecumenical_altar, minmay_tripent,
          uniq_natasha
D:3:      layout_basic, grunt_ministairs_10
D:4:      layout_loops_ring, mainiacjoe_overflow_boulevard, minmay_statues_item
D:5:      layout_rooms, nicolae_overflow_hidden_temple, kennysheep_mini,
          uniq_sigmund

Skill      XL: |  1  2  3  4  5  6  7 |
---------------+----------------------+-----
Axes           | 3 4 5 6 |  6.2
Fighting       | 4 5 6 |  6.2
Shields        | 4 5 |  5.7
Armour         | 4 5 |  5.6

Action                     |  1- 3 |  4- 6 |  7- 9 || total
---------------------------+-------+-------+-------++-------
  Melee: War axe           |    82 |       |       ||    82
         Hand axe          |    25 |   210 |    62 ||   297
  Evoke: Wand              |       |       |     1 ||     1
    Use: Scroll            |       |     7 |       ||     7
         Potion            |       |     2 |     2 ||     4
 Armour: Scale mail        |    82 |    98 |       ||   180
         Ring mail         |       |    44 |    38 ||    82
  Dodge: Dodged            |    47 |    84 |    30 ||   161
  Block: Buckler           |    24 |    47 |     6 ||    77

Table legend: (Time is in decaauts)
 A = Elapsed time spent in this place.
 B = Non-inter-level travel time spent in this place.
 C = Inter-level travel time spent in this place.
 D = Time resting spent in this place.
 E = Time spent auto-exploring this place.
 F = Levels seen in this place.
 G = Mean time per level.
                   A        B        C        D        E       F      G
               +--------+--------+--------+--------+--------+-----+--------+
         Total |   4192 |   4053 |    139 |    503 |   2785 |   5 |  838.4 |
       Dungeon |   4192 |   4053 |    139 |    503 |   2785 |   5 |  838.4 |
               +--------+--------+--------+--------+--------+-----+--------+

Top non-repeatable levels by time:
     D:2: 1267 daAuts
     D:4: 896 daAuts
     D:1: 788 daAuts
     D:3: 735 daAuts
     D:5: 504 daAuts
